 Dungeon Crawl Stone Soup version 0.28-a0-1493-g08698888e4 (webtiles) character file.

Game seed: 12015348510757027108

1419 testman the Skirmisher (level 9, -5/66 HPs)
             Began as a Djinni Gladiator on Jan 12, 2022.
             Was an Elder of Ru.
             Slain by Edmund (7 damage)
             ... on level 6 of the Dungeon.
             The game lasted 00:21:49 (7473 turns).

testman the Skirmisher (Djinni Gladiator)           Turns: 7473, Time: 00:21:50

Health: -5/66      AC:  7    Str: 17    XL:     9   Next: 2%
Gold:   195        EV: 13    Int: 10    God:    Ru [****..] SH:  0 Dex: 15

rFire   + + .      SeeInvis .   v - +1 falchion
rCold   x . .      Faith    .   (shield unavailable)
rNeg    . . .      Spirit   .   b - +0 leather armour
rPois   ∞          Reflect  .   c - +0 helmet
rElec   .          Harm     .   (no cloak)
rCorr   .          Rampage  .   h - +2 pair of gloves
Will    .....                   (boots unavailable)
Stlth   +.........              (no amulet)
HPRegen 0.21/turn               (ring unavailable)
MPRegen 0.00/turn               n - ring of wizardry

@: flying
A: sickness immunity, fire resistance 2, cold vulnerability 1, missing a hand,
inability to train armour, float, innate caster, hp casting, extra vitality 1
a: Renounce Religion, Draw Out Power, Power Leap


You were on level 6 of the Dungeon.
You worshipped Ru.
Ru was greatly pleased with you.
You visited 1 branch of the dungeon, and saw 6 of its levels.

You collected 195 gold pieces.

Inventory:

Hand Weapons
 v - a +1 falchion (weapon)
Missiles
 d - 3 throwing nets (quivered)
 p - 7 poisoned darts
Armour
 b - a +0 leather armour (worn)
 c - a +0 helmet (worn)
 h - a +2 pair of gloves (worn)
Jewellery
 n - a ring of wizardry (right hand)
Scrolls
 e - 3 scrolls of enchant weapon
 f - 3 scrolls of teleportation {unknown}
 k - a scroll of silence {unknown}
 l - a scroll of fear {unknown}
 m - a scroll of blinking {unknown}
 q - a scroll of holy word {unknown}
 t - a scroll of magic mapping {unknown}
Potions
 a - a potion of curing
 i - 2 potions of attraction
 j - 2 potions of mutation
 o - a potion of lignification
 r - a potion of invisibility {unknown}
 s - 2 potions of magic
 u - a potion of degeneration {unknown}


   Skills:
 + Level 6.2 Fighting
 + Level 6.1 Long Blades
 - Level 2.0 Throwing
 - Level 3.6 Dodging
 + Level 4.2 Spellcasting


You had 7 spell levels left.
You knew the following spells:

 Your Spells              Type           Power      Damage    Failure   Level
a - Pain                  Necr           40%        1d6       2%          1
b - Corpse Rot            Necr/Air       20%        N/A       3%          2
c - Summon Guardian Gole  Hex/Summ       10%        N/A       6%          3
d - Vampiric Draining     Necr           10%        2d6       6%          3
Your spell library was empty.

Dungeon Overview and Level Annotations

Branches:
Dungeon (6/15)
 Temple: D:4-7

Altars:
Ashenzari
Ru

Shops:
D:1 =   D:3 =   D:4 (*(   D:6 [(

Annotations:
D:4 1 transporter, riojii's ghost, novice DjFE
D:6 Edmund


Innate Abilities, Weirdness & Mutations

You are immune to sickness and miasma.
You are immune to poison.
Your flesh is very heat resistant. (rF++)
You are vulnerable to cold. (rC-)
You are missing a hand.
You cannot train Armour skill.
You float through the air rather than walking.
You learn spells naturally, not from books.
Your magical power is your life essence.
You have superior vitality. (+4 MHP)


Message History

Edmund barely misses you.
You completely miss Edmund.
Edmund is moderately wounded.
Edmund hits you with a +1 flail of protection.
You slash Edmund!
Edmund is heavily wounded.
Edmund hits you with a +1 flail of protection.
You are too injured to fight recklessly!
You are too injured to fight recklessly!
You are too injured to fight recklessly!
You are too injured to fight recklessly!
You are too injured to fight recklessly!
You hit Edmund but do no damage.
Edmund is heavily wounded.
Edmund hits you with a +1 flail of protection!
You hit Edmund but do no damage.
Edmund is heavily wounded.
Edmund barely misses you.
You slash Edmund!
Edmund is severely wounded.
Edmund misses you.
You hit Edmund.
Edmund is almost dead.
Edmund hits you with a +1 flail of protection!
* * * LOW HITPOINT WARNING * * *
You hit Edmund but do no damage.
Edmund is almost dead.
Edmund hits you with a +1 flail of protection.
* * * LOW HITPOINT WARNING * * *
You hit Edmund but do no damage.
Edmund is almost dead.
Edmund hits you but does no damage.
You hit Edmund but do no damage.
Edmund is almost dead.
Edmund hits you with a +1 flail of protection!
* * * LOW HITPOINT WARNING * * *
You hit Edmund.
Edmund is almost dead.
Edmund hits you with a +1 flail of protection!
You die...

...#≈≈≈≈≈.)# #...#######
(..##≈≈≈...# #...#
...######### .#...#
...#....... #...#
...'....... ...#
...#....... ...#
...########## ..(#
............#####@..#
................@...#
....................+
........................
###.....................
#..............#+#....
+..............+ ....
#..............# .##
##+#####...... .


You could see Edmund (corona).

Vanquished Creatures
  Eustachio (D:6)
  A black bear (D:2)
  A necrophage (D:5)
  A centaur (D:5)
  5 ogres
  A kobold brigand (D:4)
  A scorpion (D:5)
  A water moccasin zombie (D:5)
  3 hounds
  A jelly (D:5)
  An orc priest (D:5)
  A bullfrog skeleton (D:5)
  2 iguanas
  A howler monkey skeleton (D:4)
  A howler monkey zombie (D:5)
  8 adders
  A shadow imp (D:5)
  A white imp (D:3)
  5 dart slugs
  2 worms (D:2)
  11 orcs
  5 bats
  10 endoplasms
  2 giant cockroaches (D:1)
  6 goblins
  10 hobgoblins
  6 jackals
  4 quokkas
  11 ball pythons
  5 frilled lizards
  8 kobolds
  2 rats
119 creatures vanquished.

Vanquished Creatures (others)
  An orc (D:5)
1 creature vanquished.

Grand Total: 120 creatures vanquished

Notes
Turn   | Place    | Note
-------+----------+-------------------------------------------
     0 | D:1      | testman the Djinni Gladiator began the quest for the Orb.
     0 | D:1      | Reached XP level 1. HP: 18/18 MP: 0/0
   246 | D:1      | Found a faded altar of an unknown god.
   255 | D:1      | Prayed at the altar of an unknown god.
   255 | D:1      | Became a worshipper of Ru the Awakened
   257 | D:1      | Gained mutation: You are missing a hand. [Ru sacrifice]
   257 | D:1      | Reached * piety under Ru
   257 | D:1      | Reached ** piety under Ru
   257 | D:1      | Reached *** piety under Ru
   358 | D:1      | Reached XP level 2. HP: 21/23 MP: 0/0
   812 | D:1      | Reached XP level 3. HP: 29/29 MP: 0/0
   812 | D:1      | Learned a level 1 spell: Pain
  1009 | D:1      | Found Netauc's Jewellery Shop.
  1639 | D:2      | Reached XP level 4. HP: 20/34 MP: 0/0
  2049 | D:2      | Noticed a black bear
  2061 | D:2      | Killed a black bear
  2062 | D:2      | Reached skill level 1 in Spellcasting
  2062 | D:2      | Reached XP level 5. HP: 34/40 MP: 0/0
  2062 | D:2      | Learned a level 2 spell: Corpse Rot
  2830 | D:3      | Found Udweh's Jewellery Emporium.
  2861 | D:3      | Found a broken altar of Ashenzari.
  2988 | D:3      | Reached XP level 6. HP: 46/46 MP: 0/0
  3366 | D:3      | Gained mutation: You cannot train Armour skill. [Ru
                  | sacrifice]
  3366 | D:3      | Reached **** piety under Ru
  3614 | D:4      | Found Uwoixzoh's Assorted Antiques.
  3673 | D:4      | Identified the +3 dire flail of the Crushing Visionary
                  | {vorpal, Drain rPois rF+}
  3673 | D:4      | Noticed an ogre
  3673 | D:4      | Noticed riojii's ghost (novice DjFE)
  3674 | D:4      | Found a transporter.
  3674 | D:4      | Noticed an ogre
  3682 | D:4      | Noticed an ogre
  3687 | D:4      | Noticed an ogre
  3697 | D:4      | Killed an ogre
  3789 | D:4      | Reached XP level 7. HP: 38/52 MP: 0/0
  3789 | D:4      | Learned a level 3 spell: Summon Guardian Golem
  4276 | D:4      | Found Fawick's Antique Weapon Boutique.
  4423 | D:4      | Found Guex's Weapon Shoppe.
  4672 | D:5      | Entered Level 5 of the Dungeon
  4765 | D:5      | Reached skill level 5 in Long Blades
  4948 | D:5      | Reached skill level 5 in Fighting
  4948 | D:5      | Reached XP level 8. HP: 33/59 MP: 0/0
  6487 | D:6      | Found Myskisch's Antique Weapon Shoppe.
  6856 | D:6      | Noticed Eustachio
  7203 | D:6      | Killed Eustachio
  7204 | D:6      | Reached XP level 9. HP: 25/66 MP: 0/0
  7204 | D:6      | Learned a level 3 spell: Vampiric Draining
  7409 | D:6      | Found Gori's Armour Shoppe.
  7451 | D:6      | Noticed Edmund
  7472 | D:6      | HP: 2/66 [Edmund (8)]
  7473 | D:6      | Slain by Edmund

Illustrated notes

Levels and vault maps discovered:
D:1:      eino_arrival_cavern_b, layout_basic, serial_shops, shop,
          nicolae_ecumenical_snake_handling, hangedman_abyss_or_decor_stabs,
          amcnicky_mini_pool_small, minmay_indecisive_spiral
D:2:      layout_loops_ring, minmay_misc_feat_square, roderic_serpentine_path,
          minmay_quantized
D:3:      layout_basic, general_overflow_altar, serial_shops, shop
D:4:      layout_loops_ring, serial_shops, nicolae_shop_bloodbath_and_beyond,
          nicolae_stop_n_shop_1, nicolae_lakefront_shop, gammafunk_ghost_smash,
          kennysheep_potato
D:5:      layout_cave_pools
D:6:      layout_gridville, minmay_temple_entry_from_below_a, serial_shops,
          nicolae_square_shop, kennysheep_mini_moat, nicolae_shop_waterfront,
          nicolae_shop_waterfront, uniq_grinder, uniq_eustachio, uniq_menkaure,
          uniq_edmund

Skill      XL: |  1  2  3  4  5  6  7  8 |
---------------+-------------------------+-----
Long Blades    | 3 4 5 6 |  6.1
Throwing       | 2 |  2.0
Fighting       | 3 4 5 6 |  6.2
Spellcasting   | 1 2 3 4 |  4.2
Dodging        | |  3.6

Action                   |  1- 3 |  4- 6 |  7- 9 || total
-------------------------+-------+-------+-------++-------
Melee: Long sword        |    92 |   162 |   166 ||   420
       Falchion          |       |       |    79 ||    79
 Cast: Pain              |       |     1 |     6 ||     7
       Summon Guardian G |       |       |     2 ||     2
Invok: Sacrifice a Hand  |     1 |       |       ||     1
       Sacrifice Durabil |       |     1 |       ||     1
       Draw Out Power    |       |       |     1 ||     1
  Use: Scroll            |       |       |     6 ||     6
 Stab: Invisible         |     1 |       |     4 ||     5
       Sleeping          |       |     1 |     1 ||     2
       Distracted        |       |       |     1 ||     1
Armor: Leather armour    |    38 |    54 |   112 ||   204
Dodge: Dodged            |    90 |   124 |   271 ||   485

Table legend: (Time is in decaauts)
 A = Elapsed time spent in this place.
 B = Non-inter-level travel time spent in this place.
 C = Inter-level travel time spent in this place.
 D = Time resting spent in this place.
 E = Time spent auto-exploring this place.
 F = Levels seen in this place.
 G = Mean time per level.
                   A        B        C        D        E       F      G
               +--------+--------+--------+--------+--------+-----+--------+
         Total |   7557 |   7344 |    213 |   2194 |   4079 |   6 | 1259.5 |
       Dungeon |   7557 |   7344 |    213 |   2194 |   4079 |   6 | 1259.5 |
               +--------+--------+--------+--------+--------+-----+--------+

Top non-repeatable levels by time:
     D:5: 2087 daAuts
     D:1: 1372 daAuts
     D:2: 1186 daAuts
     D:3: 1106 daAuts
     D:4: 1073 daAuts
     D:6: 732 daAuts
